 Dungeon Crawl Stone Soup version 0.31.0-11-ge490571c62 (webtiles) character file.

Game seed: 17632874147077346099

178 qw the Shooter (level 5, 0/26 HPs)
             Began as a Spriggan Hunter on Feb 3, 2024.
             Slain by Robin
             ... wielding a +1 spear of venom
              (3 damage)
             ... on level 3 of the Dungeon.
             The game lasted 00:00:07 (1685 turns).

qw the Shooter (Spriggan Hunter)                    Turns: 1685, Time: 00:00:07

Health: 0/26       AC:  2    Str:  7    XL:     5   Next: 32%
Magic:  6/6        EV: 20    Int: 10    God:
Gold:   102        SH:  0    Dex: 21    Spells: 4/4 levels left

rFire   . . .        a - +0 shortbow
rCold   . . .        (shield currently unavailable)
rNeg    . . .        c - +0 robe
rPois   .            (helmet restricted)
rElec   .            (no cloak)
rCorr   .            (gloves unavailable)
SInv    +            (boots unavailable)
Will    .....        (no amulet)
Stlth   ++           (no ring)
HPRegen 0.24/turn    (no ring)
MPRegen 0.10/turn

%: no passive effects
@: lethally poisoned (0 -> -8), very quick
A: very small, no large weapons, unfitting armour, see invisible, speed 3
a: no special abilities


You were on level 3 of the Dungeon.
You visited 1 branch of the dungeon, and saw 3 of its levels.

You collected 102 gold pieces.


Innate Abilities, Weirdness & Mutations

You are very small and have problems with some larger weapons.
You are too small for most types of armour.
You have supernaturally acute eyesight. (SInv)
You cover ground extremely quickly. (Speed+++)


   Skills:
 - Level 2.1 Fighting
 + Level 5.4 Ranged Weapons
 - Level 5.1 Dodging
 - Level 1.5 Stealth


You had 4 spell levels left.
You didn't know any spells.
Your spell library was empty.

Inventory:

Hand Weapons
 a - a +0 shortbow (weapon)
Armour
 c - a +0 robe (worn)
Jewellery
 d - a +6 ring of intelligence
Wands
 g - a wand of acid (14)
 k - a wand of roots (12)
Scrolls
 b - a scroll of teleportation {unknown}
 j - a scroll of fear {unknown}
Potions
 e - a potion of cancellation
 f - a potion of attraction {unknown}
 h - 2 potions of curing {unknown}
 i - a potion of enlightenment {unknown}

Dungeon Overview and Level Annotations

Branches:
Dungeon (3/15)

Altars:
Elyvilon
Wu Jian

Annotations:
D:3 Robin


Message History

You kill the goblin!
The goblin hits you with a +0 dagger.
You shoot an arrow. The arrow barely misses the goblin.
Robin throws the goblin at you! The goblin hits you but does no damage.
You shoot an arrow. The arrow hits the goblin.
You kill the goblin!
A goblin comes into view. It is wielding a +0 club.
Robin hits you from afar with a +1 spear of venom.
You are poisoned.
The goblin closely misses you.
You shoot an arrow. The arrow hits the goblin!
You kill the goblin!
You feel very sick. Robin throws the goblin at you!
The goblin completely misses you. Robin closely misses you.
The goblin completely misses you.
You shoot an arrow. The arrow hits the goblin.
The goblin is moderately wounded.
You feel sick. The goblin completely misses you.
Robin throws the goblin at you!
You shoot an arrow. The arrow barely misses the goblin.
You feel sick. Robin closely misses you. The goblin hits you with a +0 dagger.
The goblin closely misses you.
You shoot an arrow. The arrow barely misses the goblin.
You feel sick.
The goblin no longer looks unusually strong.
The hobgoblin no longer looks unusually strong.
Robin roars a battlecry!
The goblins go into a battle-frenzy!
The goblin hits you but does no damage. The goblin closely misses you.
You shoot an arrow. The arrow hits the goblin.
You kill the goblin!
You feel sick.
Robin hits you from afar with a +1 spear of venom.
You are lethally poisoned!
The goblin misses you.
You shoot an arrow. The arrow hits the goblin!
You kill the goblin!
You feel sick.
Robin hits you from afar with a +1 spear of venom.
You die...
Robin lets out a smug laugh.

... .. .. #..###### .
..gggg))# . ###@####
# #...)..# ###.#
#.#.##.# ....#
###.#.##.#
############........#
# #.....#.#.###..#
######.....#.#.###..#
...........#.#......#
.####......#.##.##.##


You could see Robin, a hobgoblin (strong) and 2 goblins.

Vanquished Creatures
  Terence (D:2)
  Natasha (twice) (D:2)
  3 adders (D:2)
  4 dart slugs
  2 ribbon worms (D:3)
  An orc (D:3)
  3 endoplasms
  4 giant cockroaches
  11 goblins
  6 hobgoblins
  2 jackals (D:3)
  5 quokkas
  6 ball pythons
  A bat (D:1)
  A frilled lizard (D:2)
  4 kobolds
  2 rats (D:2)
58 creatures vanquished.

Notes
Turn   | Place    | Note
-------+----------+-------------------------------------------
     0 | D:1      | qw the Spriggan Hunter began the quest for the Orb.
     0 | D:1      | Reached XP level 1. HP: 10/10 MP: 2/2
     0 | D:1      | 0 ||| qw: Version: 0.3-a-158-g18b3111
     0 | D:1      | 0 ||| qw: Game counter: 4096
     0 | D:1      | 0 ||| qw: Melee chars always use a shield: true
     0 | D:1      | 0 ||| qw: God list: Okawaru
     0 | D:1      | 0 ||| qw: Allow faded altars: false
     0 | D:1      | 0 ||| qw: Do Orc after clearing Dungeon:15 true
     0 | D:1      | 0 ||| qw: Do second Lair branch before Depths: true
     0 | D:1      | 0 ||| qw: Lair rune preference: random
     0 | D:1      | 0 ||| qw: Goals: Normal
     0 | D:1      | 0 ||| PLANNING D:1-11
    28 | D:1      | Reached skill level 3 in Dodging
   180 | D:1      | Reached XP level 2. HP: 14/14 MP: 3/3
   423 | D:1      | 423 ||| READING scroll labelled LOIPYL LEOGECW.
   423 | D:1      | 423 ||| IDENTIFYING sedimented grey potion
   424 | D:1      | 424 ||| DRINKING 2 dark potions.
   425 | D:1      | 425 ||| DROPPING scroll of butterflies.
   426 | D:1      | 426 ||| DROPPING potion of degeneration.
   427 | D:1      | 427 ||| DROPPING potion of magic.
   648 | D:2      | Reached XP level 3. HP: 18/18 MP: 4/4
   655 | D:2      | Noticed Terence
   664 | D:2      | Killed Terence
   744 | D:2      | 744 ||| FLEEEEING.
   746 | D:2      | 746 ||| FLEEEEING.
   748 | D:2      | 748 ||| FLEEEEING.
   790 | D:2      | Noticed Natasha
   796 | D:2      | Reached XP level 4. HP: 22/22 MP: 5/5
   803 | D:2      | Killed Natasha
   806 | D:2      | Found a faded altar of an unknown god.
   997 | D:2      | 997 ||| READING scroll of identify.
   997 | D:2      | 997 ||| IDENTIFYING blue potion
   998 | D:2      | 998 ||| READING scroll labelled ARHO WA PIPUNI.
   999 | D:2      | 999 ||| READING scroll labelled HAEMAMEDGHU.
  1000 | D:2      | 1000 ||| READING scroll labelled USAPTA HEUBEM.
  1000 | D:2      | 1000 ||| ENCHANTING +0 shortbow.
  1002 | D:2      | 1002 ||| Stepping ~*~*~tactically~*~*~ (cloud).
  1106 | D:2      | Noticed Natasha
  1117 | D:2      | Killed Natasha
  1281 | D:2      | Reached XP level 5. HP: 26/26 MP: 6/6
  1386 | D:3      | Found a white marble altar of Elyvilon.
  1572 | D:3      | Found an ornate altar of the Wu Jian Council.
  1672 | D:3      | Noticed Robin
  1684 | D:3      | HP: 6/26 [poisoned by Robin]
  1685 | D:3      | Slain by Robin

Levels and vault maps discovered:
D:1:      beargit_arrival_greenhouse, layout_rooms,
          minmay_misc_feat_secret_circle, grunt_decor_mini_mirrors,
          skrybe_limestone_x
D:2:      layout_basic, chequers_ecumenical_altar_simple_redux,
          minmay_crystal_room, minivault_14, uniq_terence, uniq_natasha
D:3:      layout_loops_cross, mainiacjoe_overflow_alcove_4,
          mainiacjoe_overflow_alcove_1, nicolae_elyvilon_temple_path,
          nicolae_wormholes, uniq_robin

Skill      XL: |  1  2  3  4 |
---------------+-------------+-----
Dodging        | 3 4 5 |  5.1
Ranged Weapons | 5 |  5.4
Fighting       | 2 |  2.1
Stealth        | |  1.5

Action                     |  1- 3 |  4- 6 || total
---------------------------+-------+-------++-------
   Fire: Shortbow          |    66 |    86 ||   152
    Use: Scroll            |     1 |     4 ||     5
         Potion            |     1 |       ||     1
 Armour: Robe              |     6 |    13 ||    19
  Dodge: Dodged            |    15 |    36 ||    51

Table legend:
 A = Non-vault XP
 B = Vault XP
 C = Vault XP percentage of total XP
 D = Non-vault monster count
 E = Vault monster count
 F = Vault count percentage of total count
                 A         B        C        D         E       F
            +---------+---------+-------+---------+---------+-------
      Total |     171 |      85 |  33.2 |      48 |      10 |  17.2
            +---------+---------+-------+---------+---------+-------
        D:1 |      22 |       0 |   0.0 |      10 |       0 |   0.0
        D:2 |     110 |      71 |  39.2 |      22 |       2 |   8.3
        D:3 |      39 |      14 |  26.4 |      16 |       8 |  33.3
            +---------+---------+-------+---------+---------+-------
